 Dungeon Crawl Stone Soup version 0.30-b1-2-g02819fbbbe (webtiles) character file.

Game seed: 14313180829758811855

22070 MackTheKnife the Severer (level 12, -7/106 HPs)
             Began as a Minotaur Berserker on May 19, 2023.
             Was an Elder of Trog.
             Mangled by a six-headed hydra (12 damage)
             ... on level 5 of the Lair of Beasts.
             The game lasted 00:15:29 (4138 turns).

MackTheKnife the Severer (Minotaur Berserker)       Turns: 4138, Time: 00:15:30

Health: -7/106     AC: 28    Str: 22    XL:     12   Next: 59%
Magic:  11/11      EV: 11    Int:  4    God:    Trog [****..]
Gold:   348        SH:  0    Dex: 15    Spells: 11/11 levels left

rFire   . . .        u - +0 war axe {axe}
rCold   . . .        (no shield)
rNeg    . . .        g - +2 crystal plate armour {rare=g}
rPois   +            (helmet restricted)
rElec   .            m - +0 cloak
rCorr   .            y - +0 pair of gloves
SInv    .            (no boots)
Will    .....        (no amulet) Stlth
                     h - ring of poison resistance
HPRegen 0.37/turn    n - +5 ring of evasion
MPRegen 0.12/turn

%: no passive effects
@: weak-willed, on berserk cooldown
A: horns 2, retaliatory headbutt
a: Renounce Religion, Berserk, Trog's Hand, Brothers in Arms


You were on level 5 of the Lair of Beasts.
You worshipped Trog.
Trog was greatly pleased with you.
You visited 2 branches of the dungeon, and saw 14 of its levels.
You also visited: Bailey.

You collected 348 gold pieces.


Innate Abilities, Weirdness & Mutations

You have a pair of horns on your head.
You reflexively headbutt those who attack you in melee.


   Skills:
 - Level 10.0 Fighting
 - Level 16.9 Axes
 - Level 14.2 Armour
 - Level 2.1 Dodging
 + Level 6.7 Evocations


You had 11 spell levels left.
You didn't know any spells.
Your spell library was empty.

Inventory:

Hand Weapons
 u - a +0 war axe (weapon) {axe}
   (You took it off an orc priest on level 9 of the Dungeon)
 w - a +3 dire flail of holy wrath {mace}
   (You took it off an orc warrior on level 8 of the Dungeon)
Missiles
 k - a throwing net {=f!fthrowing}
Armour
 g - a +2 crystal plate armour (worn) {rare=g}
   (You took it off an orc warrior in a bailey)
 m - a +0 cloak (worn)
   (You found it on level 3 of the Lair of Beasts)
 r - a +3 plate armour of poison resistance
   (You found it in a bailey)
 y - a +0 pair of gloves (worn)
   (You found it on level 3 of the Lair of Beasts)
Jewellery
 f - a ring of fire
   (You found it on level 2 of the Dungeon)
 h - a ring of poison resistance (left hand)
   (You found it on level 3 of the Dungeon)
 n - a +5 ring of evasion (right hand)
   (You found it on level 8 of the Dungeon)
Wands
 b - a wand of flame (30)
   (You found it on level 4 of the Dungeon)
 j - a wand of quicksilver (8)
   (You found it on level 3 of the Lair of Beasts)
Scrolls
 i - 4 scrolls of teleportation {@r4}
 q - a scroll of enchant weapon
 v - 2 scrolls of immolation {!r!r}
 z - a scroll of fog
 A - a scroll of noise {unknown}
 B - a scroll of blinking {unknown}
Potions
 a - 3 potions of heal wounds {@q2}
 e - a potion of brilliance
 l - a potion of mutation {!q}
 o - 3 potions of curing {@q1}
 p - a potion of resistance {unknown}
 t - 3 potions of haste {@q3}
 x - a potion of ambrosia {unknown}
Miscellaneous
 s - a piece from Xom's chessboard (15/15)
   (You found it in a bailey)

Dungeon Overview and Level Annotations

Branches:
Dungeon (9/15) Zot: 26646    Lair (5/5) D:8 Zot: 26532  Spider (0/4) Lair:2
  Slime (0/5) Lair:4       Bailey (visited)
 Temple: D:4-7        Swamp: Lair:2-3    Shoals: Lair:2-3       Orc: D:9-12

Altars:
Ashenzari
Okawaru
Qazlal
Yredelemnul
Jiyva

Annotations:
Lair:1 exclusion: oklob plant

#.....P#.......P.#.......$......
....#####.##....................#
##..# ###....#..P........PP...#
.P..## ##.P............#......
.....# ##.........††#####.P.P
###### ####......†.# .... .#
######....###.#


P.P ## P.####..#..#S.## ..# ... .## PP...<.....@D## #P.$ ..#.......#..#.##.#
##..# .....### #.###..### #... ...#.# ## #### .##.# .### .# # ## ## # You could
see a six-headed hydra (weak-willed) and a water moccasin (weak-willed).


Message History

You now have 106 max hp (-53). 😮 HP[+1]
Found a stone staircase leading up. 😮 HP[+1] 😮 HP[+1] 😮 HP[+1] 😕 HP[+1] 😕 HP[+1]
A six-headed hydra comes into view.
The six-headed hydra roars!
The six-headed hydra moves out of view. 😕 HP[+1] 😕 HP[+1]
A water moccasin comes into view.
The water moccasin hisses angrily. 😕 HP[+1]
Aiming: Charm
Press: ? - help, Shift-Dir - straight line, f - six-headed hydra
Aim: a six-headed hydra (chance to affect: 30%)
Okay, then.
Really read
d - a scroll of vulnerability {!r!r}?
Really read the scroll of vulnerability?
As you read the scroll of vulnerability {!r!r}, it crumbles to dust.
Magic quickly surges around you.
The six-headed hydra bites you but does no damage. x2
The six-headed hydra closely misses you.
The six-headed hydra bites you.
The six-headed hydra bites you! x2 😮 HP[-26]
You take 26 damage, and now have 58/106 hp.
MASSIVE DAMAGE!! (PAUSE)
Aiming: Charm
Press: ? - help, Shift-Dir - straight line, f - six-headed hydra
Aim: a six-headed hydra (weak-willed, chance to affect: 56%)
The six-headed hydra resists with significant effort.
The six-headed hydra bites you but does no damage. x2
The six-headed hydra closely misses you.
The six-headed hydra barely misses you. The six-headed hydra bites you!
* * * LOW HITPOINT WARNING * * *
The six-headed hydra bites you!
* * * LOW HITPOINT WARNING * * *
The water moccasin bites you but does no damage. 😨 HP[-17]
You take 17 damage, and now have 41/106 hp.
Aiming: Charm
Press: ? - help, Shift-Dir - straight line, f/p - six-headed hydra
Aim: a six-headed hydra (weak-willed, chance to affect: 56%)
The six-headed hydra resists with significant effort.
The water moccasin closely misses you. You furiously retaliate!
You headbutt the water moccasin.
The six-headed hydra bites you but does no damage.
The six-headed hydra bites you!
* * * LOW HITPOINT WARNING * * *
The six-headed hydra closely misses you. x2
The six-headed hydra bites you but does no damage. x2
The water moccasin bites you but does no damage.
The six-headed hydra bites you but does no damage. x4
The six-headed hydra barely misses you.
The six-headed hydra bites you but does no damage. 😨 HP[-12]
You take 12 damage, and now have 29/106 hp.
Aiming: Charm
Press: ? - help, Shift-Dir - straight line, f/p - six-headed hydra
Aim: a six-headed hydra (weak-willed, chance to affect: 56%)
The six-headed hydra resists with significant effort.
You feel yourself speed up.
The water moccasin bites you but does no damage.
The six-headed hydra bites you.
* * * LOW HITPOINT WARNING * * *
The six-headed hydra bites you but does no damage. x2
The six-headed hydra misses you.
The six-headed hydra bites you but does no damage.
The six-headed hydra closely misses you.
The water moccasin barely misses you. You furiously retaliate!
You headbutt the water moccasin! 😨 HP[-1]
You take 1 damage, and now have 28/106 hp.
Aiming: Charm
Press: ? - help, Shift-Dir - straight line, f/p - six-headed hydra
Aim: a six-headed hydra (weak-willed, chance to affect: 56%)
The six-headed hydra resists with significant effort.
The now-empty wand crumbles to dust.
The water moccasin barely misses you.
The six-headed hydra bites you but does no damage.
The six-headed hydra bites you!
* * * LOW HITPOINT WARNING * * *
The six-headed hydra barely misses you.
The six-headed hydra bites you but does no damage. x2
The six-headed hydra bites you.
* * * LOW HITPOINT WARNING * * *
The water moccasin bites you but does no damage. 😱 HP[-16]
You take 16 damage, and now have 12/106 hp.
Aiming: Throw Flame
Press: ? - help, Shift-Dir - straight line, f/p - six-headed hydra
Aim: a six-headed hydra (weak-willed, 91% to hit)
The puff of flame hits the six-headed hydra.
The six-headed hydra bites you but does no damage. x3
The six-headed hydra bites you!
* * * LOW HITPOINT WARNING * * *
The six-headed hydra bites you!
You die...

Skill      XL: |  1  2  3  4  5  6  7  8  9 10 11 12 |
---------------+-------------------------------------+-----
Fighting       | 4 5 6 7 8 10 | 10.0
Axes           | 4 5 6 7 8 10 12 14 16 | 16.9
Armour         | 4 8 11 13 14 | 14.2
Evocations     | 6 |  6.7
Dodging        | |  2.1

Action                     |  1- 3 |  4- 6 |  7- 9 | 10-12 || total
---------------------------+-------+-------+-------+-------++-------
  Melee: Hand axe          |    64 |    45 |   126 |       ||   235
         Headbutt          |     7 |     8 |    33 |   122 ||   170
         Punch             |       |     1 |     2 |    10 ||    13
         War axe           |       |       |    26 |   382 ||   408
 Invoke: Berserk           |     1 |     2 |     3 |     5 ||    11
         Trog's Hand       |       |     3 |     1 |     5 ||     9
  Evoke: Wand              |       |       |    15 |    18 ||    33
    Use: Scroll            |       |       |     5 |     9 ||    14
         Potion            |       |       |       |     2 ||     2
 Armour: Animal skin       |     8 |       |       |       ||     8
         Ring mail         |     2 |    11 |    13 |       ||    26
         Crystal plate arm |       |       |    21 |   207 ||   228
         Plate armour      |       |       |    20 |       ||    20
  Dodge: Dodged            |    31 |    22 |   129 |   162 ||   344

Levels and vault maps discovered:
D:1:      heliophobic_arrival_enchanted_forest, layout_rooms, chequers_garden
D:2:      layout_loops_ring
D:3:      layout_loops_ring, trog_butcher_becter, grunt_decor_arrowhead,
          st_stairs_10
D:4:      layout_basic, mainiacjoe_overflow_alcove_1, uniq_eustachio,
          uniq_grinder
D:5:      layout_loops_ring, nicolae_dithmenos_the_darkroom,
          gammafunk_temple_overflow_wave, minmay_temple_entry_ruins,
          grunt_ministairs_7, roderic_roman_lattice
D:6:      layout_basic, evilmike_ruin_ashenzari, xom_teletrap_fun,
          serial_aquarium, aquarium_bridge_straight [aquarium_subvault_bridge,
          aquarium_subvault_window, aquarium_subvault_bridge,
          aquarium_subvault_window], aquarium_window_3, aquarium_window_1,
          aquarium_view_2e, aquarium_pool_side
D:7:      layout_basic, general_overflow_altar, kennysheep_doodads,
          centaur_isle, uniq_duvessa, uniq_joseph
D:8:      layout_layer_cave, nicolae_overflow_crystal_walls,
          due_lair_maze_entry_diamond, enter_bailey_3, nicolae_underground_beach
D:9:      layout_gridville, eat_drink_and_be_merry_uskayaw, marbit_many_paths,
          hiddenorc1_lemuel
Lair:1:   layout_regular_city, uniq_nergalle, uniq_urug
Lair:2:   layout_misc_corridors, minmay_shoals_entry_centaurs,
          nicolae_spider_entry_non_spiders, st_stairs_9
Lair:3:   layout_big_grid, serial_bayou_shore_b
Lair:4:   layout_concentric_octagons, slime_entry_1, serial_bayou_shore_a
Lair:5:   minmay_lair_end_enchanted_forest, layout_loops_ring

Notes
Turn   | Place    | Note
-------+----------+-------------------------------------------
     0 | D:1      | MackTheKnife the Minotaur Berserker began the quest for the
                  | Orb.
     0 | D:1      | Reached XP level 1. HP: 19/19 MP: 0/0
     0 | D:1      | magus.rc [v1.9.6]
    55 | D:1      | Reached skill level 4 in Fighting
    55 | D:1      | Reached skill level 4 in Axes
    55 | D:1      | Reached XP level 2. HP: 27/27 MP: 1/1
   171 | D:2      | Reached ** piety under Trog
   250 | D:4      | Noticed Eustachio
   328 | D:3      | Identified the +2 robe "Guof" {rElec rF+ Str-3}
   429 | D:4      | Killed Eustachio
   430 | D:4      | Reached skill level 5 in Fighting
   430 | D:4      | Reached skill level 5 in Axes
   430 | D:4      | Reached XP level 3. HP: 36/36 MP: 2/2
   430 | D:4      | Reached XP level 4. HP: 42/42 MP: 3/3
   430 | D:4      | Reached XP level 5. HP: 49/49 MP: 4/4
   509 | D:5      | Entered Level 5 of the Dungeon
   519 | D:5      | Found a basalt altar of Yredelemnul.
   519 | D:5      | Found a stormy altar of Qazlal.
   640 | D:7      | Reached skill level 6 in Fighting
   640 | D:7      | Reached skill level 6 in Axes
   642 | D:7      | Reached XP level 6. HP: 58/58 MP: 5/5
   674 | D:6      | Found a broken altar of Ashenzari.
   737 | D:7      | HP: 7/58 [centaur/arrow (12)]
   745 | D:7      | HP: 5/58 [centaur/arrow (12)]
   879 | D:8      | Noticed a yak
   882 | D:8      | Noticed a water moccasin
   904 | D:8      | Killed a water moccasin
   905 | D:8      | Reached skill level 7 in Fighting
   905 | D:8      | Reached skill level 7 in Axes
   905 | D:8      | Reached XP level 7. HP: 66/66 MP: 6/6
   906 | D:8      | Killed a yak
   910 | D:8      | Reached skill level 8 in Fighting
   910 | D:8      | Reached skill level 8 in Axes
   930 | D:8      | Noticed a yak
   946 | D:8      | Noticed a yak
   948 | D:8      | Reached XP level 8. HP: 38/75 MP: 7/7
   954 | D:8      | Reached skill level 9 in Fighting
   954 | D:8      | Reached skill level 9 in Axes
   963 | D:8      | Found an iron altar of Okawaru.
  1017 | D:8      | Found a flagged portal.
  1033 | Bailey   | Entered a bailey
  1299 | Bailey   | Reached skill level 10 in Fighting
  1299 | Bailey   | Reached skill level 10 in Axes
  1318 | Bailey   | Noticed an orc knight
  1329 | Bailey   | Killed an orc knight
  1330 | Bailey   | Reached skill level 4 in Armour
  1330 | Bailey   | Reached XP level 9. HP: 81/85 MP: 8/8
  1337 | Bailey   | Reached skill level 5 in Armour
  1347 | Bailey   | Identified a +0 crystal plate armour
  1348 | Bailey   | Reached skill level 11 in Axes
  1511 | Bailey   | g - a +0 crystal plate armour {rare=g}
  1523 | Bailey   | Found a large runed translucent door.
  1523 | Bailey   | Found a large runed translucent door.
  1524 | Bailey   | Noticed a deep elf zephyrmancer
  1562 | Bailey   | Killed a deep elf zephyrmancer
  1563 | Bailey   | Reached skill level 6 in Armour
  1567 | Bailey   | Identified the +1 ring mail of the Orange Skies {Harm rPois
                  | SInv Stlth+}
  1768 | D:9      | Reached skill level 7 in Armour
  1777 | D:9      | Reached skill level 12 in Axes
  1839 | D:8      | Found a staircase to the Lair.
  1869 | D:8      | Reached *** piety under Trog
  1901 | D:8      | You finish putting on your +0 crystal plate armour
                  | {rare=g}.
  1997 | Lair:1   | Entered Level 1 of the Lair of Beasts
  2044 | Lair:1   | Reached skill level 8 in Armour
  2052 | Lair:1   | Reached XP level 10. HP: 27/93 MP: 9/9
  2242 | Lair:1   | Noticed a cane toad
  2251 | Lair:1   | Killed a cane toad
  2308 | Lair:1   | your +0 crystal plate armour {rare=g} glows green for a
                  | moment.
  2348 | Lair:1   | Noticed an oklob plant
  2394 | Lair:2   | Reached skill level 13 in Axes
  2400 | Lair:2   | Reached skill level 9 in Armour
  2447 | Lair:2   | Noticed a cane toad
  2466 | Lair:2   | Reached skill level 10 in Armour
  2471 | Lair:2   | Killed a cane toad
  2472 | Lair:2   | Reached skill level 14 in Axes
  2510 | Lair:2   | Noticed a cane toad
  2518 | Lair:2   | Killed a cane toad
  2520 | Lair:2   | Reached skill level 11 in Armour
  2523 | Lair:2   | HP: 17/93 [yak (9)]
  2529 | Lair:2   | HP: 9/139 [poisoned by a cane toad]
  2624 | Lair:2   | Noticed a boulder beetle
  2642 | Lair:2   | Found a hole to the Spider Nest.
  2695 | Lair:2   | Reached XP level 11. HP: 84/99 MP: 10/10
  2723 | Lair:3   | your +1 crystal plate armour {rare=g} glows green for a
                  | moment.
  2908 | Lair:3   | Reached skill level 15 in Axes
  2923 | Lair:3   | Reached skill level 12 in Armour
  3191 | Lair:4   | Noticed a death yak
  3191 | Lair:4   | Noticed a death yak
  3191 | Lair:4   | Noticed a death yak
  3193 | Lair:4   | Noticed a death yak
  3197 | Lair:4   | Noticed a death yak
  3213 | Lair:4   | Killed a death yak
  3215 | Lair:4   | Killed a death yak
  3222 | Lair:4   | Killed a death yak
  3223 | Lair:4   | Reached skill level 13 in Armour
  3235 | Lair:4   | Killed a death yak
  3235 | Lair:4   | Reached **** piety under Trog
  3236 | Lair:4   | Reached skill level 16 in Axes
  3237 | Lair:4   | Killed a death yak
  3285 | Lair:4   | HP: 22/99 [yak (8)]
  3387 | Lair:4   | Reached XP level 12. HP: 62/106 MP: 11/11
  3394 | Lair:4   | Found a viscous altar of Jiyva.
  3395 | Lair:4   | Found a staircase to the Slime Pits.
  3529 | Lair:4   | Reached skill level 14 in Armour
  3647 | Lair:5   | Entered Level 5 of the Lair of Beasts
  3647 | Lair:5   | Noticed a death yak
  3647 | Lair:5   | Noticed a death yak
  3647 | Lair:5   | Noticed a death yak
  3647 | Lair:5   | Noticed a death yak
  3647 | Lair:5   | Noticed a death yak
  3666 | Lair:4   | Killed a death yak
  3734 | Lair:5   | Reached skill level 1 in Evocations
  3776 | Lair:5   | Reached skill level 2 in Evocations
  3824 | Lair:5   | Killed a death yak
  3825 | Lair:5   | Reached skill level 3 in Evocations
  3834 | Lair:5   | Killed a death yak
  3835 | Lair:5   | Reached skill level 4 in Evocations
  3846 | Lair:5   | Killed a death yak
  3847 | Lair:5   | Reached skill level 5 in Evocations
  3853 | Lair:5   | Killed a death yak
  4064 | Lair:5   | Reached skill level 6 in Evocations
  4129 | Lair:5   | Noticed a six-headed hydra
  4137 | Lair:5   | HP: 18/106 [six-headed hydra (10)]
  4138 | Lair:5   | HP: 5/106 [six-headed hydra (8)]
  4138 | Lair:5   | Mangled by a six-headed hydra

Vanquished Creatures
  10 death yaks
  A skyshark (Lair:5)
  A deep elf zephyrmancer (Bailey)
  An orc knight (Bailey)
  7 elephants
  7 cane toads
  4 komodo dragons
  2 rime drakes
  A polar bear (Lair:5)
  4 blink frogs (Lair:3)
  5 dream sheep (Lair:3)
  20 yaks
  Eustachio (D:4)
  7 water moccasins
  10 orc warriors
  4 black bears (D:8)
  9 wolves
  7 bullfrogs
  4 scorpions
  3 wights (D:7)
  3 electric eels (Lair:4)
  2 howler monkeys (D:9)
  A hound (D:5)
  4 orc priests
  5 orc wizards
  5 hell rats (Lair:5)
  3 worms (Lair:2)
  29 orcs
  A bat (D:2)
  5 endoplasms
  5 giant cockroaches
  6 goblins
  5 hobgoblins
  2 quokkas
  3 ball pythons (D:1)
  A frilled lizard (D:2)
  2 kobolds
  4 rats
194 creatures vanquished.

Vanquished Creatures (others)
  A rime drake (Lair:5)
  49 fungi
  53 plants
103 creatures vanquished.

Grand Total: 297 creatures vanquished

Table legend:
 A = Non-vault XP
 B = Vault XP
 C = Vault XP percentage of total XP
 D = Non-vault monster count
 E = Vault monster count
 F = Vault count percentage of total count
                 A         B        C        D         E       F
            +---------+---------+-------+---------+---------+-------
      Total |   26720 |    4809 |  15.3 |     135 |      59 |  30.4
            +---------+---------+-------+---------+---------+-------
        D:1 |      20 |       0 |   0.0 |      12 |       0 |   0.0
        D:2 |      15 |       0 |   0.0 |       9 |       0 |   0.0
        D:3 |       5 |       0 |   0.0 |       3 |       0 |   0.0
        D:4 |      11 |     182 |  94.3 |       5 |       1 |  16.7
        D:5 |       0 |      47 | 100.0 |       0 |       2 | 100.0
        D:6 |       9 |       0 |   0.0 |       3 |       0 |   0.0
        D:7 |     317 |       0 |   0.0 |       4 |       0 |   0.0
        D:8 |     270 |    1405 |  83.9 |      10 |      14 |  58.3
        D:9 |     136 |     332 |  70.9 |       4 |      17 |  81.0
     Lair:1 |    1323 |       0 |   0.0 |       9 |       0 |   0.0
     Lair:2 |    4110 |     544 |  11.7 |      19 |       9 |  32.1
     Lair:3 |    2955 |       0 |   0.0 |      13 |       0 |   0.0
     Lair:4 |    9570 |       0 |   0.0 |      24 |       0 |   0.0
     Lair:5 |    7979 |       0 |   0.0 |      20 |       0 |   0.0
     Bailey |       0 |    2299 | 100.0 |       0 |      16 | 100.0
            +---------+---------+-------+---------+---------+-------

Skill      XL: |  1  2  3  4  5  6  7  8  9 10 11 12 |
---------------+-------------------------------------+-----
Fighting       | 4 5 6 7 8 10 | 10.0
Axes           | 4 5 6 7 8 10 12 14 16 | 16.9
Armour         | 4 8 11 13 14 | 14.2
Evocations     | 6 |  6.7
Dodging        | |  2.1

Action                     |  1- 3 |  4- 6 |  7- 9 | 10-12 || total
---------------------------+-------+-------+-------+-------++-------
  Melee: Hand axe          |    64 |    45 |   126 |       ||   235
         Headbutt          |     7 |     8 |    33 |   122 ||   170
         Punch             |       |     1 |     2 |    10 ||    13
         War axe           |       |       |    26 |   382 ||   408
 Invoke: Berserk           |     1 |     2 |     3 |     5 ||    11
         Trog's Hand       |       |     3 |     1 |     5 ||     9
  Evoke: Wand              |       |       |    15 |    18 ||    33
    Use: Scroll            |       |       |     5 |     9 ||    14
         Potion            |       |       |       |     2 ||     2
 Armour: Animal skin       |     8 |       |       |       ||     8
         Ring mail         |     2 |    11 |    13 |       ||    26
         Crystal plate arm |       |       |    21 |   207 ||   228
         Plate armour      |       |       |    20 |       ||    20
  Dodge: Dodged            |    31 |    22 |   129 |   162 ||   344

Illustrated notes

Table legend:
 A = Kills in this place as a percentage of kills in the entire game.
 B = Kills by you in this place as a percentage of kills by you in the entire game.
 C = Kills by friends in this place as a percentage of kills by friends in the entire game.
 D = Other kills in this place as a percentage of other kills in the entire game.
 E = Experience gained in this place as a percentage of experience gained in the entire game.
 F = Experience gained in this place divided by the number of levels of this place that you have seen.
                   A       B       C       D       E      F
               +-------+-------+-------+-------+-------+----------------------
         Total | 100.0 | 100.0 |   N/A |   N/A | 100.0 | 2101.9
       Dungeon |  43.3 |  43.3 |   N/A |   N/A |   8.7 | 305.4
          Lair |  48.5 |  48.5 |   N/A |   N/A |  84.0 | 5296.2
        Bailey |   8.2 |   8.2 |   N/A |   N/A |   7.3 | 2299.0
               +-------+-------+-------+-------+-------+----------------------

Table legend: (Time is in decaauts)
 A = Elapsed time spent in this place.
 B = Non-inter-level travel time spent in this place.
 C = Inter-level travel time spent in this place.
 D = Time resting spent in this place.
 E = Time spent auto-exploring this place.
 F = Levels seen in this place.
 G = Mean time per level.
                   A        B        C        D        E       F      G
               +--------+--------+--------+--------+--------+-----+--------+
         Total |   4085 |   3916 |    169 |   1074 |     47 |  15 |  272.3 |
       Dungeon |   1465 |   1358 |    107 |     96 |      0 |   9 |  162.8 |
          Lair |   2018 |   1956 |     62 |    713 |     47 |   5 |  403.6 |
        Bailey |    601 |    601 |      0 |    265 |      0 |   1 |  601.0 |
               +--------+--------+--------+--------+--------+-----+--------+

Top non-repeatable levels by time:
  Bailey: 601 daAuts
  Lair:4: 576 daAuts
     D:8: 487 daAuts
  Lair:5: 433 daAuts
  Lair:1: 349 daAuts
  Lair:3: 338 daAuts
  Lair:2: 321 daAuts
     D:3: 195 daAuts
     D:7: 177 daAuts
     D:9: 124 daAuts
     D:1: 119 daAuts
     D:4: 105 daAuts
     D:2: 103 daAuts
     D:6: 89 daAuts
     D:5: 61 daAuts
